 Dungeon Crawl Stone Soup version 0.30.0-29-ga12c61a403 (webtiles) character file.

Game seed: 8735978957603966689

1895 Janerl the Thaumaturge (level 8, -4/41 HPs)
             Began as a Deep Elf Earth Elementalist on June 12, 2023.
             Slain by a troll (11 damage)
             ... on level 10 of the Dungeon.
             The game lasted 00:21:25 (5076 turns).

Janerl the Thaumaturge (DEEE)                       Turns: 5076, Time: 00:21:25

Health: -4/41      AC:  7    Str:  7    XL:     8   Next: 93%
Magic:  21/25      EV: 13    Int: 27    God:
Gold:   389        SH:  0    Dex: 15    Spells: 24/29 levels left

rFire   + . .        t - staff of poison
rCold   . . .        (no shield)
rNeg    . . .        a - +0 robe
rPois   +            s - +2 helmet
rElec   .            (no cloak)
rCorr   .            i - +1 pair of gloves
SInv    .            (no boots)
Will    .....        (no amulet)
Stlth   ++           m - ring of protection from fire
HPRegen 0.26/turn    y - +6 ring of intelligence
MPRegen 0.19/turn

%: no passive effects
@: no status effects
A: no striking features
a: no special abilities


You were on level 10 of the Dungeon.
You visited 1 branch of the dungeon, and saw 9 of its levels.

You collected 389 gold pieces.

Inventory:

Hand Weapons
 h - a +0 dagger of holy wrath
 k - a +0 sling
 z - a +0 short sword of venom
Missiles
 n - 11 boomerangs
Armour
 a - a +0 robe (worn)
 i - a +1 pair of gloves (worn)
 s - a +2 helmet (worn)
Magical Staves
 g - a staff of poison
 t - a staff of poison (weapon)
Jewellery
 m - a ring of protection from fire (left hand)
 y - a +6 ring of intelligence (right hand)
 E - the ring of the Everdark {*Slow rC+ rN+ Dex+9 Stlth+}
   (You found it on level 5 of the Dungeon)

   [ring of positive energy]

   Dex:       It affects your dexterity (+9).
   rC:        It protects you from cold.
   rN:        It protects you from negative energy.
   *Slow:     It may slow you when you take damage.
   Stlth:     It makes you more stealthy.
 G - a ring of poison resistance
Scrolls
 f - 3 scrolls of identify
 j - 2 scrolls of blinking {unknown}
 p - 2 scrolls of teleportation
 q - a scroll of magic mapping
 u - a scroll of silence {unknown}
 w - 2 scrolls of poison {unknown}
 x - a scroll of summoning {unknown}
 A - a scroll of acquirement {unknown}
 B - 2 scrolls of immolation {unknown}
 C - a scroll of vulnerability {unknown}
 D - a scroll of fear {unknown}
 F - a scroll of fog {unknown}
Potions
 b - 2 potions of magic
 c - a potion of curing
 d - 2 potions of heal wounds
 e - a potion of ambrosia {unknown}
 l - a potion of haste {unknown}
 o - a potion of mutation {unknown}
 r - a potion of might
 v - a potion of brilliance {unknown}
 H - a potion of lignification {unknown}
 I - 2 potions of invisibility {unknown}


   Skills:
 + Level 0.2 Fighting
 + Level 3.9 Dodging
 + Level 3.5 Stealth
 + Level 11.1 Spellcasting
 + Level 0.7 Conjurations
 + Level 1.1 Transmutations
 + Level 8.7 Earth Magic


You had 24 spell levels left.
You knew the following spells:

 Your Spells              Type           Power      Damage    Failure   Level
a - Sandblast             Erth           100%       2d20      1%          1
b - Stone Arrow           Conj/Erth      80%        3d12      1%          3
c - Sting                 Tmut/Pois      100%       1d8       3%          1

Your spell library contained the following spells:

 Spells                   Type           Power      Damage    Failure   Level
 Passwall                 Tmut/Erth      34%        N/A       1%          2
 Petrify                  Tmut/Erth      41%        N/A       4%          4
 Lesser Beckoning         Tloc           30%        N/A       6%          2
 Poisonous Vapours        Pois/Air       44%        N/A       6%          2
 Gell's Gravitas          Tloc           15%        N/A       12%         3
 Teleport Other           Tloc           15%        N/A       12%         3
 Olgreb's Toxic Radiance  Pois           22%        N/A       36%         4


Dungeon Overview and Level Annotations

Branches:
Dungeon (11/15)            Temple (0/1) D:4
   Lair: D:8-11         Orc: D:9-12

Altars:
Ashenzari
Cheibriados
Xom

Shops:
D:4 ([

Annotations:
D:2 1 runed translucent door, Crazy Yiuf


Message History

Casting: Sandblast (safe; 1% risk of failure)
Confirm with . or Enter, or press ? or * to list all spells.
Aiming: Sandblast (safe; 1% risk of failure)
Press: ? - help, Shift-Dir - straight line, f/p - howler monkey
Aim: a howler monkey (almost dead, poisoned, 84% to hit)
The blast of sand hits the howler monkey!
You kill the howler monkey!
Items here: ) [ ††.
The troll attacks as you move away! The troll barely misses you.
The troll claws you but does no damage. The troll closely misses you.
Found a worn silver wand.
Things that are here:
a +0 short sword; an orc corpse
Found a Young Poisoner's Handbook.
There is a stone staircase leading down here.
The troll barely misses you. The troll claws you. x2
You climb downwards.
Found a potion of curing, a glowing golden potion and a scroll of identify.
There is a stone staircase leading up here.
The troll completely misses you. The troll closely misses you.
The troll misses you.
You climb upwards.
There is a stone staircase leading down here.
You hit the troll.
The troll is lightly wounded.
The troll bites you! The troll claws you but does no damage.
The troll misses you.
You hit the troll.
The troll is lightly wounded.
The troll bites you but does no damage. The troll barely misses you. x2
Things that are here:
a +0 short sword; an orc corpse
Items here: ) [ ††.
You see here a +0 club.
The troll attacks as you move away! The troll bites you!
* * * LOW HITPOINT WARNING * * *
The troll claws you.
* * * LOW HITPOINT WARNING * * *
The troll claws you!
You die...

#./# #..# #.## ..#
#... ... ...## #.#
#... #.# #..# #>#
#..# #)####..####.#
#.[.T@.......#
######..###### #..#
#..# ######### #..#
#.......# #.##
#.......# #.#
#.......#########.#
#.................#


You could see a troll.

Vanquished Creatures
  4 yaks
  A water moccasin (D:6)
  A black bear (D:4)
  2 ice beasts
  A phantom (D:5)
  2 bullfrogs (D:6)
  3 scorpions
  A howler monkey (D:10)
  2 hounds
  An orc priest (D:3)
  An iguana (D:5)
  A sleepcap (D:6)
  Terence (D:2)
  2 orc wizards
  2 ogre zombies (D:4)
  Robin (D:2)
  3 gnolls (D:3)
  An orc zombie (D:4)
  11 adders
  A white imp (D:5)
  2 dart slugs
  17 orcs
  7 endoplasms
  6 giant cockroaches
  8 goblins
  11 hobgoblins
  4 jackals (D:2)
  4 kobolds
  6 quokkas
  5 ball pythons
  3 bats
  4 frilled lizards
  5 rats
124 creatures vanquished.

Notes
Turn   | Place    | Note
-------+----------+-------------------------------------------
     0 | D:1      | Janerl the Deep Elf Earth Elementalist began the quest for
                  | the Orb.
     0 | D:1      | Reached XP level 1. HP: 10/10 MP: 6/6
   213 | D:1      | Reached XP level 2. HP: 15/15 MP: 4/8
   803 | D:1      | Reached XP level 3. HP: 19/19 MP: 8/10
   865 | D:2      | Reached skill level 4 in Spellcasting
   891 | D:2      | Noticed Terence
   898 | D:2      | Killed Terence
   899 | D:2      | Reached XP level 4. HP: 10/24 MP: 5/12
  1014 | D:2      | Found a faded altar of an unknown god.
  1088 | D:2      | Reached skill level 5 in Spellcasting
  1419 | D:2      | Noticed Robin
  1429 | D:2      | Killed Robin
  1682 | D:2      | Found a runed translucent door.
  1683 | D:2      | Noticed Crazy Yiuf
  1755 | D:3      | Reached XP level 5. HP: 28/28 MP: 13/15
  2027 | D:3      | Found a shimmering altar of Xom.
  2117 | D:3      | Reached skill level 5 in Earth Magic
  2121 | D:3      | Learned a level 3 spell: Stone Arrow
  2225 | D:3      | Reached skill level 6 in Spellcasting
  2448 | D:3      | Reached XP level 6. HP: 26/32 MP: 15/17
  2734 | D:4      | Found a snail-covered altar of Cheibriados.
  2803 | D:4      | Found a staircase to the Ecumenical Temple.
  2839 | D:4      | Found Wisaubec's Antique Weapon Boutique.
  2874 | D:4      | Found Yczol's Antique Armour Emporium.
  2962 | D:4      | Found a transporter.
  2990 | D:4      | Found a transporter.
  3001 | D:4      | Reached skill level 7 in Spellcasting
  3325 | D:4      | Found a broken altar of Ashenzari.
  3409 | D:5      | Entered Level 5 of the Dungeon
  3528 | D:5      | Identified the ring of the Everdark {*Slow rC+ rN+ Dex+9
                  | Stlth+}
  3543 | D:5      | Reached XP level 7. HP: 36/36 MP: 16/20
  3799 | D:5      | Reached skill level 8 in Spellcasting
  4329 | D:6      | Reached skill level 9 in Spellcasting
  4329 | D:6      | Reached XP level 8. HP: 29/41 MP: 19/23
  4396 | D:6      | Reached skill level 10 in Spellcasting
  4401 | D:6      | Learned a level 1 spell: Sting
  4928 | D:7      | You fall into a shaft and drop 3 floors!
  4928 | D:10     | Entered Level 10 of the Dungeon
  4958 | D:10     | Reached skill level 11 in Spellcasting
  5060 | D:10     | Noticed a troll
  5076 | D:10     | Slain by a troll

Illustrated notes

Levels and vault maps discovered:
D:1:      spicycebolla_green_bress_n_ham_2, layout_basic
D:2:      minmay_chambers_of_twos, layout_loops_ring,
          shapermc_ecumenical_altar_totnotflames, uniq_terence,
          uniq_crazy_yiuf_cottage, uniq_robin
D:3:      layout_basic, lemuel_tele_altar
D:4:      gammafunk_cloud_chamber, layout_loops_ring, cheibriados_altar_1,
          general_overflow_altar, minmay_temple_entry_statues_fountains,
          serial_shops, nicolae_shop_window_shopping,
          nicolae_shop_just_a_little_nook
D:5:      layout_gridville, kennysheep_generic_room_13
D:6:      layout_loops_ring
D:7:      layout_basic, kennysheep_ying_yang, mainiacjoe_overflow_cross_hatched,
          minmay_parallelograms, dreamdust_gnoll_farm
D:10:     layout_loops_ring, uniq_josephine
D:11:     hangedman_cross_stitches, layout_rooms, orc_0_dummy, serial_shops,
          nicolae_shop_drivethru

Skill      XL: |  1  2  3  4  5  6  7  8 |
---------------+-------------------------+-----
Earth Magic    | 4 5 7 8 |  8.7
Spellcasting   | 4 5 6 7 9 11 | 11.1
Stealth        | 3 |  3.5
Dodging        | 3 |  3.9
Fighting       | |  0.2
Conjurations   | |  0.7
Transmutations | |  1.1

Action                     |  1- 3 |  4- 6 |  7- 9 || total
---------------------------+-------+-------+-------++-------
  Melee: Staff             |       |       |     2 ||     2
   Cast: Sandblast         |    42 |   100 |    42 ||   184
         Stone Arrow       |       |     1 |     2 ||     3
         Sting             |       |       |     7 ||     7
    Use: Potion            |       |     4 |       ||     4
         Scroll            |       |     3 |       ||     3
 Armour: Robe              |     5 |    14 |     5 ||    24
  Dodge: Dodged            |    12 |    13 |    21 ||    46
